 Seeded DCSS version 0.29.1 (webtiles) character file.

Game seed: 18446744073709551615 (custom seed)

554 GigaChad the Covered (level 7, -3/60 HPs)
             Began as a Minotaur Fighter on Sept 13, 2022.
             Killed by divine providence
             ... invoked by an orc priest
              (15 damage)
             ... on level 5 of the Dungeon on Sept 14, 2022.
             The game lasted 00:11:36 (4688 turns).

GigaChad the Covered (Minotaur Fighter)             Turns: 4688, Time: 00:11:37

Health: -3/60      AC:  7    Str: 23    XL:     7   Next: 8%
Magic:  6/6        EV: 10    Int:  8    God:
Gold:   246        SH:  4    Dex:  9    Spells: 6/6 levels left

rFire   . . .      SeeInvis +   e - +3 dagger "Wetunah" {vorpal, *Slow Int+3 SInv}
rCold   . . .      Faith    .   c - +0 buckler
rNeg    . . .      Spirit   .   b - +0 scale mail
rPois   .          Reflect  .   (helmet restricted)
rElec   .          Harm     .   (no cloak)
rCorr   .          Rampage  .   (no gloves)
Will    .....                   (no boots)
Stlth   ..........              (no amulet)
HPRegen 0.20/turn               (no ring)
MPRegen 0.10/turn               (no ring)

@: no status effects
A: horns 2, retaliatory headbutt
a: no special abilities


You were on level 5 of the Dungeon.
You visited 1 branch of the dungeon, and saw 5 of its levels.

You collected 246 gold pieces.

Inventory:

Hand Weapons
 a - a +0 long sword
 e - the +3 dagger "Wetunah" (weapon) {vorpal, *Slow Int+3 SInv}
   (You found it on level 2 of the Dungeon)

   It inflicts extra damage upon your enemies.
   Int:       It affects your intelligence (+3).
   SInv:      It lets you see invisible.
   *Slow:     It may slow you when you take damage.
Armour
 b - a +0 scale mail (worn)
 c - a +0 buckler (worn)
Scrolls
 f - a scroll of torment
 g - a scroll of magic mapping
 i - 2 scrolls of noise
 m - a scroll of immolation {unknown}
 n - a scroll of identify
 p - 6 scrolls of teleportation
 q - a scroll of enchant armour {unknown}
 s - a scroll of vulnerability {unknown}
 u - a scroll of fear {unknown}
 v - a scroll of fog {unknown}
Potions
 d - 2 potions of might
 h - 3 potions of degeneration {unknown}
 j - a potion of haste {unknown}
 k - 2 potions of curing {unknown}
 l - a potion of attraction {unknown}
 o - a potion of experience {unknown}
 r - a potion of cancellation {unknown}
 t - a potion of lignification {unknown}


   Skills:
 + Level 4.6 Fighting
 + Level 3.1(3.9) Short Blades
 + Level 3.8(4.5) Long Blades
 + Level 6.8 Armour
 + Level 2.1 Dodging
 + Level 0.6 Stealth
 + Level 4.4 Shields


You had 6 spell levels left.
You didn't know any spells.
Your spell library contained the following spells:

 Spells                   Type           Power      Damage    Failure   Level
 Summon Guardian Golem    Hex/Summ       0%         N/A       98%         3
 Tukima's Dance           Hex            0%         N/A       98%         3
 Passage of Golubria      Tloc           0%         N/A       100%        4
 Yara's Violent Unravell  Hex/Tmut       0%         3d3       100%        5
 Orb of Destruction       Conj           0%         9d5       100%        7
 Spellforged Servitor     Conj/Summ      0%         N/A       100%        7


Dungeon Overview and Level Annotations

Branches:
Dungeon (5/15)
 Temple: D:4-7

Altars:
Nemelex Xobeh


Innate Abilities, Weirdness & Mutations

You have a pair of horns on your head.
You reflexively headbutt those who attack you in melee.


Message History

The orc wizard is almost dead.
The orc hits you but does no damage.
The orc priest hits you but does no damage.
The orc wizard hits you but does no damage.
You hit the orc wizard.
You kill the orc wizard!
The orc hits you but does no damage.
The orc priest hits you with a +0 war axe.
Your Dodging skill increases to level 2!
Found a mace.
An orc priest comes into view. It is wielding a +0 hand axe.
You block the orc's attack.
Things that are here:
a +0 dagger of speed; a +0 robe; an orc corpse The orc hits you but does no damage.
The orc priest attacks as you move away!
You block the orc priest's attack. The orc attacks as you move away!
The orc hits you with a +0 short sword.
You hit the orc priest but do no damage.
The orc priest closely misses you. You furiously retaliate!
You headbutt the orc priest! The orc hits you with a +0 short sword.
The orc priest hits you with a +0 war axe.
You hit the orc priest but do no damage.
The orc priest is severely wounded.
The orc priest hits you with a +0 hand axe.
The orc hits you but does no damage.
The orc priest mumbles some strange prayers to Beogh against you.
Pain shoots through your body!
* * * LOW HITPOINT WARNING * * *
You closely miss the orc.
The orc priest calls upon Beogh to heal the orc priest.
The orc priest's wounds heal themselves!
The orc hits you but does no damage.
The orc priest calls down the wrath of Beogh upon you.
You struggle to resist.
You hit the orc. Your headbutt misses the orc.
The orc is heavily wounded.
The orc priest invokes the aid of Beogh against you.
Beogh smites you!
You die...

#...#..... . #...'....
.. #...#... ...
#...##'# ....
#...##.## .....
.....#.......# ......
.....'.......+ ......
#o@o).).# ......
#..o##'######.....
#...#..........#
#...#..........#
#...#..........#
#.).#..........#
..#...#..........#
...#####..........#
............###'#.....


You could see 2 orc priests and an orc.

Vanquished Creatures
  A centaur (D:5)
  A bullfrog (D:4)
  2 orc priests (D:4)
  3 hounds
  2 iguanas
  Natasha (D:2)
  2 orc wizards
  5 adders
  2 worms (D:2)
  12 orcs
  6 ball pythons
  3 endoplasms
  2 giant cockroaches
  8 goblins
  6 hobgoblins
  7 jackals
  5 kobolds
  4 quokkas
  6 bats
  2 frilled lizards
  5 rats
85 creatures vanquished.

Notes
Turn   | Place    | Note
-------+----------+-------------------------------------------
     0 | D:1      | GigaChad the Minotaur Fighter began the quest for the Orb.
     0 | D:1      | Reached XP level 1. HP: 19/19 MP: 0/0
   110 | D:1      | Reached skill level 4 in Armour
   110 | D:1      | Reached XP level 2. HP: 12/27 MP: 1/1
   958 | D:2      | Found a faded altar of an unknown god.
   965 | D:2      | Reached XP level 3. HP: 27/33 MP: 2/2
  1178 | D:2      | Identified the +3 dagger "Wetunah" {vorpal, *Slow Int+3
                  | SInv}
  1556 | D:2      | Noticed Natasha
  1562 | D:2      | Killed Natasha
  1563 | D:2      | Reached XP level 4. HP: 16/40 MP: 3/3
  1857 | D:3      | Reached skill level 1 in Dodging
  2240 | D:3      | Reached skill level 5 in Armour
  2363 | D:3      | Reached XP level 5. HP: 46/46 MP: 4/4
  2623 | D:3      | Reached skill level 1 in Short Blades
  2630 | D:3      | Found a sparkling altar of Nemelex Xobeh.
  3537 | D:4      | Reached skill level 6 in Armour
  3537 | D:4      | Reached XP level 6. HP: 52/53 MP: 5/5
  4341 | D:5      | Entered Level 5 of the Dungeon
  4652 | D:5      | Reached XP level 7. HP: 51/60 MP: 6/6
  4688 | D:5      | Killed from afar by an orc priest

Illustrated notes

Levels and vault maps discovered:
D:1:      dpeg_arrival_brainrot, layout_loops_ring
D:2:      layout_basic, hellmonk_ecumenical_altar_inner_sanctum,
          minmay_fountain_box, minmay_domino_2, uniq_natasha
D:3:      layout_loops_ring, nemelex_xobeh_ov_fountains_minmay,
          amcnicky_mini_pool_small
D:4:      layout_loops_ring, skrybe_limestone_x
D:5:      layout_gridville, grunt_ministairs_1

Skill      XL: |  1  2  3  4  5  6  7 |
---------------+----------------------+-----
Armour         | 4 5 6 |  6.8
Fighting       | 4 |  4.6
Long Blades    | 3 |  3.8
Shields        | 4 |  4.4
Dodging        | 1 2 |  2.1
Short Blades   | 1 3 |  3.1
Stealth        | |  0.6

Action                   |  1- 3 |  4- 6 |  7- 9 || total
-------------------------+-------+-------+-------++-------
Melee: Long sword        |    66 |       |       ||    66
       Headbutt          |    11 |    23 |     1 ||    35
       Dagger            |    28 |   164 |    12 ||   204
  Use: Scroll            |     3 |     1 |       ||     4
Armor: Scale mail        |    41 |    86 |     8 ||   135
Dodge: Dodged            |    51 |    74 |     5 ||   130
Block: Buckler           |    25 |    26 |     4 ||    55
